 Dungeon Crawl Stone Soup version 0.19-a0-867-g949743d (webtiles) character file.

2243 matakusis the Ducker (level 9, -4/71 HPs)
             Began as a Demonspawn Gladiator on July 3, 2016.
             Was a Follower of Hepliaklqana.
             Killed by nerve-wracking pain
             ... invoked by an orc priest
              (11 damage)
             ... on level 7 of the Dungeon.
             The game lasted 00:24:10 (7261 turns).

matakusis the Ducker (Demonspawn Gladiator)         Turns: 7261, Time: 00:24:11

Health: -4/71      AC:  5    Str: 19    XL:     9   Next: 14%
Magic:  9/9        EV: 17    Int: 12    God:    Hepliaklqana [*.....]
Gold:   193        SH:  0    Dex: 17    Spells: 0 memorised, 8 levels left

rFire  . . .     SeeInvis .     a - +1 war axe
rCold  . . .     Gourm    .     b - +0 leather armour
rNeg   . . .     Faith    .     (no shield)
rPois  .         Spirit   .     (helmet restricted)
rElec  .         Dismiss  +     v - +1 cloak
rCorr  .         Reflect  .     (no gloves)
SustAt .         Harm     .     (no boots)
MR     .....                    m - amulet of dismissal
Stlth  +.........               g - +3 ring of intelligence
                                i - +3 ring of strength

@: lethally poisoned (-4 -> -4), not resistant to hostile enchantments, very
unstealthy
A: antennae 2, claws 1, powered by death 1, rot immunity
a: Recall Ancestor, Ancestor Identity, Renounce Religion


You were on level 7 of the Dungeon.
You worshipped Hepliaklqana.
Hepliaklqana was aware of your devotion.
You were not hungry.

You visited 2 branches of the dungeon, and saw 8 of its levels.

You collected 193 gold pieces.

Inventory:

Hand Weapons
 a - a +1 war axe (weapon)
Missiles
 d - 3 throwing nets (quivered)
Armour
 b - a +0 leather armour (worn)
 v - a +1 cloak (worn)
Jewellery
 c - an uncursed amulet of the gourmand
 g - a +3 ring of intelligence (right claw)
 i - a +3 ring of strength (left claw)
 j - a +2 ring of dexterity
 m - an amulet of dismissal (around neck)
 n - an uncursed ring of see invisible
Wands
 r - a wand of paralysis (3/24)
 s - a wand of digging (15/24)
 w - a wand of flame (28/48)
 y - a wand of disintegration (11/24)
Scrolls
 l - a scroll of remove curse
 t - 3 scrolls of identify
Potions
 e - a potion of cure mutation
Comestibles
 f - 6 bread rations
 k - a royal jelly
 o - 8 chunks of flesh
 p - a beef jerky
 q - 2 meat rations


   Skills:
 * Level 6.7 Fighting
 + Level 5.4 Axes
 + Level 2.0 Throwing
 + Level 3.2 Armour
 * Level 7.8 Dodging


You had 8 spell levels left.
You didn't know any spells.

Dungeon Overview and Level Annotations

Branches:
Dungeon (7/15)             Temple (1/1) D:4

Altars:
Ashenzari
Cheibriados
Dithmenos
Elyvilon
Fedhas
Gozag
Hepliaklqana
Kikubaaqudgha
Makhleb
Nemelex Xobeh
Okawaru
Pakellas
Qazlal
Ru
Sif Muna
Trog
Uskayaw
Vehumet
Xom
Yredelemnul
Zin
The Shining One

Annotations:
D:7 Joseph


Innate Abilities, Weirdness & Mutations

You have a pair of antennae on your head.
You have sharp fingernails.
You regenerate a little health from kills.
You are immune to rotting.


Message History

Cyneburga hits the hound zombie!
The hound zombie closely misses Cyneburga.
The hound misses you.
The orc priest hits you but does no damage.
Cyneburga hits the hound zombie!
Your leather armour prevents you from hitting the orc priest.
The orc priest is severely wounded.
You barely miss the hound zombie. You slash the hound!
You kill the hound!
You feel sick. The orc priest misses you.
The hound zombie bites you but does no damage.
Unknown command.
You hit the orc priest.
You kill the orc priest!
You closely miss the hound zombie.
The hound zombie bites you but does no damage.
Cyneburga hits the hound zombie.
The orc priest calls down the wrath of Beogh upon you.
Pain shoots through your body!
You die...

#........{........# .###
##........##.......#
....##.......####.......#
#.......o..## #......[.
#.........# ##........
#.....oo## ##.........
##.....$####.)o...####
#.....###..)...###
#.ยง.### #..@R.## #...#
#...Z## ##...# ######
#....# #...5## ##....##
##....## ###..5## ##...##


You could see the friendly Cyneburga the ancestor, an orc priest and a hound
zombie.

Vanquished Creatures
  Pikel (D:6)
  An orc warrior (D:6)
  A sky beast (D:5)
  2 ogres
  An ice beast (D:6)
  A centaur (D:5)
  A giant frog (D:6)
  A scorpion (D:6)
  2 killer bees (D:6)
  3 howler monkeys
  A crimson imp (D:6)
  A jelly (D:5)
  2 giant frog skeletons
  2 hounds
  An orc priest (D:7)
  A centaur skeleton (D:5)
  4 worker ants
  10 gnolls
  10 adders
  A shadow imp (D:4)
  2 oozes
  4 worms
  2 dart slugs
  6 giant geckos
  11 orcs
  3 ball pythons (D:4)
  8 bats
  5 giant cockroaches
  9 goblins
  8 hobgoblins
  11 jackals
  2 quokkas
  A giant gecko skeleton (D:5)
  5 giant newts
  9 kobolds
  5 rats
  3 butterflies (D:6)
141 creatures vanquished.

Vanquished Creatures (collateral kills)
  A scorpion (D:6)
  A killer bee (D:6)
  A howler monkey (D:5)
  A hound (D:6)
  An orc wizard (D:6)
  A worker ant (D:6)
  A worker ant zombie (D:6)
  An adder (D:7)
  An ooze (D:5)
  6 orcs
  A giant cockroach (D:6)
  3 jackals
  A giant gecko zombie (D:6)
  A butterfly (D:6)
21 creatures vanquished.

Vanquished Creatures (others)
  3 ancestors
  An adder zombie (D:6)
4 creatures vanquished.

Grand Total: 166 creatures vanquished

Notes
Turn   | Place    | Note
-------+----------+-------------------------------------------
     0 | D:1      | matakusis the Demonspawn Gladiator began the quest for the Orb.
     0 | D:1      | Reached XP level 1. HP: 16/16 MP: 1/1
   133 | D:1      | Reached skill level 3 in Dodging
   133 | D:1      | Gained mutation: You regenerate a little health from kills. [demonic ancestry]
   133 | D:1      | Reached XP level 2. HP: 12/22 MP: 2/2
   876 | D:2      | Reached XP level 3. HP: 23/27 MP: 3/3
  1450 | D:2      | Found a sparkling altar of Nemelex Xobeh.
  1457 | D:2      | Found a deep blue altar of Sif Muna.
  1497 | D:2      | Reached XP level 4. HP: 21/33 MP: 4/4
  1811 | D:3      | Reached skill level 4 in Dodging
  2058 | D:3      | Reached skill level 1 in Armour
  2373 | D:3      | Gained mutation: You have a pair of small antennae on your head. [demonic ancestry]
  2373 | D:3      | Reached XP level 5. HP: 33/39 MP: 5/5
  2376 | D:3      | Found an ancient bone altar of Kikubaaqudgha.
  2569 | D:3      | Found a snail-covered altar of Cheibriados.
  3161 | D:4      | Gained mutation: You have sharp fingernails. [demonic ancestry]
  3161 | D:4      | Reached XP level 6. HP: 22/46 MP: 6/6
  3464 | D:4      | Found a shadowy altar of Dithmenos.
  3492 | D:4      | Found a staircase to the Ecumenical Temple.
  3511 | Temple   | Entered the Ecumenical Temple
  3629 | Temple   | Became a worshipper of Hepliaklqana
  3649 | D:4      | Reached skill level 5 in Dodging
  4162 | D:4      | Gained mutation: You are weak. (Str -2) [potion of mutation]
  4162 | D:4      | Gained mutation: You are frail. (-10% HP) [potion of mutation]
  4163 | D:4      | Lost mutation: You are frail. (-10% HP) [potion of cure mutation]
  4163 | D:4      | Lost mutation: You are weak. (Str -2) [potion of cure mutation]
  4176 | D:5      | Entered Level 5 of the Dungeon
  4219 | D:5      | Noticed a sky beast
  4227 | D:5      | Killed a sky beast
  4233 | D:5      | Found a sacrificial altar of Ru.
  4673 | D:5      | Gained mutation: You have a pair of antennae on your head. [demonic ancestry]
  4673 | D:5      | Reached XP level 7. HP: 43/54 MP: 7/7
  5024 | D:5      | Reached * piety under Hepliaklqana
  5146 | D:6      | Found a white marble altar of Elyvilon.
  5169 | D:6      | Found a bloodstained altar of Trog.
  5177 | D:6      | HP: 2/82 [orc warrior/glaive (4)]
  5178 | D:6      | Reached skill level 6 in Dodging
  5191 | D:6      | Reached skill level 5 in Fighting
  5662 | D:6      | Gained mutation: You are immune to rotting. [demonic ancestry]
  5662 | D:6      | Reached XP level 8. HP: 15/62 MP: 8/8
  6128 | D:6      | Found a runed door.
  6141 | D:6      | Found a runed door.
  6259 | D:6      | Noticed Pikel
  6344 | D:6      | Killed Pikel
  6344 | D:6      | Reached skill level 5 in Axes
  6344 | D:6      | Reached skill level 7 in Dodging
  6942 | D:6      | Found a radiant altar of Vehumet.
  7040 | D:6      | Reached XP level 9. HP: 71/71 MP: 9/9
  7165 | D:7      | Noticed Joseph
  7261 | D:7      | Killed from afar by an orc priest

Vault maps used:
D:1:      elethiomel_arrival_maze
D:2:      nicolae_overflow_hidden_temple, first_bread
D:3:      marbit_many_paths, grunt_ministairs_7, kennysheep_nondescript,
          kennysheep_slug_shrine
D:4:      grunt_dithmenos_shadows, saegor_snake_ambush
D:5:      nicolae_ru_sacrificial_ziggurat
D:6:      lemuel_insect_pit, kennysheep_mini_moat,
          nicolae_overflow_crystal_walls, kennysheep_little_box, uniq_pikel
D:7:      uniq_joseph
Temple:   regret_index_temple_waves

Skill      XL: |  1  2  3  4  5  6  7  8 |
---------------+-------------------------+-----
Dodging        | 3 4 5 6 7 |  7.8
Throwing       | 2 |  2.0
Axes           | 3 4 5 |  5.4
Armour         | 1 2 3 |  3.2
Fighting       | 4 5 6 |  6.7

Action                   |  1- 3 |  4- 6 |  7- 9 || total
-------------------------+-------+-------+-------++-------
Melee: War axe           |    98 |   227 |   171 ||   496
Invok: Ancestor Identity |       |     1 |       ||     1
  Use: Scroll            |       |     9 |     2 ||    11
       Potion            |       |     7 |     7 ||    14
 Stab: Distracted        |     1 |     3 |     1 ||     5
       Sleeping          |       |     3 |       ||     3
  Eat: Chunk             |     2 |    19 |     1 ||    22
Armor: Leather armour    |    20 |    36 |    35 ||    91
       Skin              |       |       |    52 ||    52
Dodge: Dodged            |    63 |   221 |   179 ||   463
